Map: Prion Terraces

Players

Amnesia (NoRegreT) - Winner!

  • Race: Zerg Zerg
  • League: Diamond

Chris (MCanning)

  • Race: Protoss Protoss
  • League: Master

VOD

Have the link to the VOD?

Description

Time

  • Played on: Nov. 14, 2015, 2:19 a.m.
  • Length: 4:20
Show
View Real Time Build Order
Export as new Build Order

Amnesia Zerg - Winner!

Build Orders: Pool First 

Get SALT Encoding   

  12  0:02  Drone  
  13  0:10  Drone  
  14  0:15  Drone, Extractor  
  14  0:33  Spawning Pool  
  14  0:35  Drone  
  14  0:42  Drone, Extractor  
  15  0:50  Overlord  
  15  1:20  Zergling x6  
  15  1:21  Queen  
  20  1:26  Metabolic Boost  
  20  1:32  Zergling x2  
  21  1:43  Zergling x2  
  22  1:56  Hatchery  
  21  2:02  Zergling x2  
  21  2:06  Overlord  
  22  2:25  Zergling x2  
  22  2:26  Zergling x2  
  22  2:29  Zergling x2  
  25  2:30  Zergling x4  
  27  2:37  Zergling x2  
  28  2:53  Zergling x2  
  28  3:01  Zergling x2  
  28  3:06  Zergling x4  
  27  3:22  Zergling x4  
  27  3:23  Zergling x4  
  27  3:26  Queen  
  30  3:27  Zergling x2  
  30  3:30  Zergling x2  
  31  3:37  Drone  
  32  3:48  Drone x2  
  33  3:51  Drone  
  34  3:58  Drone x2  
  36  4:08  Drone  
Show
View Real Time Build Order
Export as new Build Order

Chris Protoss 

Build Orders: 1 Gate Expand 

Get SALT Encoding   

  12  0:01  Probe (Chrono Boost)  
  13  0:11  Probe (Chrono Boost)  
  14  0:20  Pylon  
  14  0:22  Probe (Chrono Boost)  
  15  0:38  Probe (Chrono Boost)  
  15  0:40  Gateway  
  16  0:49  Probe (Chrono Boost)  
  17  0:59  Probe (Chrono Boost)  
  18  1:10  Probe (Chrono Boost)  
  19  1:17  Nexus  
  19  1:25  Assimilator  
  19  1:29  Assimilator  
  19  1:34  Probe (Chrono Boost)  
  19  1:37  Pylon  
  20  1:44  Cybernetics Core  
  20  1:46  Probe (Chrono Boost)  
  21  1:57  Probe (Chrono Boost)  
  21  2:00  Pylon  
  22  2:05  Zealot (Chrono Boost)  
  24  2:20  Mothership Core (Chrono Boost)  
  26  2:22  Pylon  
  26  2:29  Adept (Chrono Boost)  
  27  2:47  Probe  
  28  2:55  Adept (Chrono Boost)  
  27  3:05  Probe  
  27  3:09  Gateway  
  27  3:11  Gateway  
  28  3:27  Pylon  
  28  3:32  Probe  
  29  3:44  Sentry (Chrono Boost)  
  29  3:50  Probe  
  30  3:57  Pylon  
Tags
 
Add a new tag
Caveats
  • Supply blocks, unpowered buildings, or Contaminate may cause inaccurate times.
  • Supply counts are checked every 10 seconds.